 Dungeon Crawl Stone Soup version 0.28.0-45-g0d030f2227 (webtiles) character file.

Game seed: 13580347997886683394

221 Bamboolord the Skirmisher (level 6, -5/49 HPs)
             Began as a Formicid Abyssal Knight on Apr 7, 2022.
             Was a Believer of Lugonu.
             Slain by Edmund
             ... wielding a +1 flail of holy wrath
              (11 damage)
             ... on level 4 of the Dungeon.
             The game lasted 00:06:23 (4354 turns).

Bamboolord the Skirmisher (Formicid Abyssal Knight) Turns: 4354, Time: 00:06:23

Health: -5/49      AC:  3    Str: 20    XL:     6   Next: 19%
Magic:  17/17      EV: 11    Int:  9    God:    Lugonu [**....]
Gold:   132        SH:  0    Dex: 11    Spells: 5/5 levels left

rFire   . . .      SeeInvis +   g - +0 great sword (protect)
rCold   . . .      Faith    .   (no shield)
rNeg    . . .      Spirit   .   b - +0 leather armour
rPois   .          Reflect  .   (helmet unavailable)
rElec   .          Harm     .   (no cloak)
rCorr   .          Rampage  .   (no gloves)
Will    .....                   (no boots)
Stlth   +.........              (no amulet)
HPRegen 0.16/turn               f - ring of magical power
MPRegen 0.15/turn               (no ring)

@: no status effects
A: permanent stasis, dig shafts and tunnels, antennae 3, four strong arms
a: Dig, Shaft Self, Renounce Religion, Depart the Abyss, Bend Space


You were on level 4 of the Dungeon.
You worshipped Lugonu.
Lugonu was pleased with you.
You visited 1 branch of the dungeon, and saw 4 of its levels.
You visited the Abyss 1 time.

You collected 132 gold pieces.

Inventory:

Hand Weapons
 g - a +0 great sword of protection (weapon)
 o - a +0 scimitar
Armour
 b - a +0 leather armour (worn)
Jewellery
 f - a ring of magical power (left hand)
Scrolls
 e - a scroll of amnesia
 h - a scroll of fear {unknown}
 i - a scroll of blinking {unknown}
 j - a scroll of noise {unknown}
 m - a scroll of fog {unknown}
 n - a scroll of torment {unknown}
 p - a scroll of enchant armour {unknown}
Potions
 a - 2 potions of resistance {unknown}
 c - a potion of flight {unknown}
 d - 2 potions of curing
 k - 2 potions of might {unknown}
 l - a potion of brilliance {unknown}
 r - a potion of magic {unknown}


   Skills:
 * Level 4.5 Fighting
 * Level 3.9 Long Blades
 * Level 3.3 Armour
 + Level 1.1 Dodging
 + Level 0.2 Stealth
 * Level 1.8 Shields
 * Level 2.8 Invocations


You had 5 spell levels left.
You didn't know any spells.
Your spell library was empty.

Dungeon Overview and Level Annotations

Branches:
Dungeon (4/15)
 Temple: D:4-7

Altars:
Ashenzari
Kikubaaqudgha
Qazlal

Annotations:
D:4 Blork the orc, Edmund


Innate Abilities, Weirdness & Mutations

You cannot be hasted, slowed, berserked, paralysed or teleported.
You can dig through walls and to a lower floor.
You have a pair of large antennae on your head. (SInv)
Your four strong arms can wield two-handed weapons with a shield.


Message History

You start resting.
You sense a monster nearby.
You start resting.
Edmund is nearby!
Edmund is nearby!
Edmund shouts!
Edmund barely misses you.
You barely miss Edmund.
Edmund hits you with a +1 flail of holy wrath!
You hit Edmund but do no damage.
Your weapon exudes an aura of protection.
Edmund barely misses you. Edmund closely misses you.
You slash Edmund!
Edmund is moderately wounded.
Edmund hits you with a +1 flail of holy wrath.
You barely miss Edmund.
Edmund is moderately wounded.
Edmund closely misses you.
Edmund hits you with a +1 flail of holy wrath!
You slash Edmund!
Edmund is heavily wounded.
Edmund hits you with a +1 flail of holy wrath!
Edmund closely misses you.
You slash Edmund!
Edmund is almost dead.
Edmund hits you with a +1 flail of holy wrath!
* * * LOW HITPOINT WARNING * * *
You hit Edmund.
Edmund is almost dead.
Edmund hits you with a +1 flail of holy wrath!
* * * LOW HITPOINT WARNING * * *
Edmund grinds his teeth, and then sighs.
Edmund hits you with a +1 flail of holy wrath.
* * * LOW HITPOINT WARNING * * *
There is an escape hatch in the floor here.
Really walk into that dispersal trap?
You enter a dispersal trap!
Edmund blinks! x2
You feel a strange sense of stasis.
Edmund hits you with a +1 flail of holy wrath!
You die...

##...##
##<....##
#.......#
#.......#
#.......#
##.....##
#.......####
#...@.......
#...@..(###
##........#
#.§..#.....
#..###.....
##§.# {....
##.# ... #.#
. #.##
#######>.#


You could see Edmund.

Vanquished Creatures
  An ogre (D:3)
  A hound (D:4)
  4 adders
  2 dart slugs
  6 orcs
  6 ball pythons
  4 endoplasms
  4 giant cockroaches
  8 goblins
  6 hobgoblins
  3 jackals (D:3)
  3 quokkas
  A bat (D:2)
  2 frilled lizards
  7 kobolds
  3 rats
61 creatures vanquished.

Notes
Turn   | Place    | Note
-------+----------+-------------------------------------------
     0 | Abyss:1  | Bamboolord the Formicid Abyssal Knight began the quest for
                  | the Orb.
     0 | Abyss:1  | Reached XP level 1. HP: 18/18 MP: 2/2
    65 | Abyss:1  | Noticed an orange demon
    66 | Abyss:1  | Noticed a wretched star
    67 | Abyss:1  | Noticed a large abomination
    77 | D:1      | Escaped the Abyss
   403 | D:1      | Reached XP level 2. HP: 24/24 MP: 3/3
   591 | D:1      | Reached * piety under Lugonu
  1132 | D:1      | Reached XP level 3. HP: 18/30 MP: 4/4
  1517 | D:2      | Reached skill level 4 in Fighting
  1960 | D:2      | Reached skill level 1 in Shields
  1978 | D:2      | Found an ancient bone altar of Kikubaaqudgha.
  2013 | D:2      | Found a faded altar of an unknown god.
  2077 | D:2      | Reached XP level 4. HP: 26/37 MP: 5/5
  2511 | D:2      | Reached skill level 1 in Dodging
  2684 | D:3      | Noticed Terence
  2692 | D:3      | Found a stormy altar of Qazlal.
  3087 | D:3      | Reached ** piety under Lugonu
  3473 | D:3      | Reached XP level 5. HP: 31/42 MP: 6/6
  3483 | D:3      | Found a broken altar of Ashenzari.
  3922 | D:3      | Identified a scroll of acquirement
  3923 | D:3      | Acquired a +0 great sword of protection
  3934 | D:4      | Noticed an ogre
  3992 | D:4      | Noticed Edmund
  4013 | D:4      | Noticed Blork the orc
  4074 | D:3      | Killed an ogre
  4075 | D:3      | Reached XP level 6. HP: 18/49 MP: 8/8
  4354 | D:4      | Slain by Edmund

Illustrated notes

Levels and vault maps discovered:
D:1:      kilobyte_arrival_exit_the_forest, layout_basic, nrook_campfire
D:2:      layout_loops_cross, basic_altar, ebering_ecumenical_altar_rust,
          palyth_stone_intersect, minmay_bisected
D:3:      layout_rooms, grunt_qazlal_clouds, nicolae_overflow_hidden_temple,
          hangedman_decor_growths, uniq_terence
D:4:      layout_rooms, makhleb_altar_promises_db,
          nicolae_ru_great_annihilating_truth, serial_bayou_lake_a,
          uniq_sigmund, uniq_edmund, uniq_blork_the_orc

Skill      XL: |  1  2  3  4 |
---------------+-------------+-----
Fighting       | 4 |  4.5
Shields        | 1 |  1.8
Dodging        | 1 |  1.1
Long Blades    | 3 |  3.9
Armour         | 3 |  3.3
Stealth        | |  0.2
Invocations    | |  2.8

Action                   |  1- 3 |  4- 6 || total
-------------------------+-------+-------++-------
Melee: Falchion          |    92 |    37 ||   129
       Scimitar          |       |    56 ||    56
       Punch             |       |     4 ||     4
       Great sword       |       |    22 ||    22
Invok: Depart the Abyss  |     1 |       ||     1
 Abil: Dig               |       |     2 ||     2
  Use: Scroll            |     2 |     3 ||     5
 Stab: Sleeping          |       |     1 ||     1
Armor: Leather armour    |    22 |    31 ||    53
Dodge: Dodged            |    48 |    91 ||   139
